 Dungeon Crawl Stone Soup version 0.21-a0-78-g82a99e0 (webtiles) character file.

8899 4thArraOfDagon the Carver (level 11, -1/106 HPs)
             Began as a Minotaur Abyssal Knight on June 21, 2017.
             Was a Priest of Lugonu.
             Slain by a yak (5 damage)
             ... on level 11 of the Dungeon.
             The game lasted 00:26:13 (5996 turns).

4thArraOfDagon the Carver (Minotaur Abyssal Knight) Turns: 5996, Time: 00:26:14

Health: -1/106     AC:  9    Str: 24    XL:     11   Next: 16%
Magic:  14/15      EV:  8    Int: 12    God:    Lugonu [***...]
Gold:   666        SH:  0    Dex:  9    Spells: 9/10 levels left

rFire    . . .     SeeInvis .   Z - +1 great sword
rCold    . . .     Gourm    .   (shield currently unavailable)
rNeg     . . .     Faith    .   X - +0 troll leather armour
rPois    .         Spirit   .   (helmet restricted)
rElec    .         Reflect  +   g - +0 cloak
rCorr    .         Harm     .   (no gloves)
MR       .....     Rnd*Tele +   H - +1 pair of boots
Stlth    +.........             q - +6 amulet of reflection
HPRegen  0.67/turn              S - +3 ring of strength
MPRegen  0.14/turn              n - +3 ring of strength

@: about to teleport, petrifying, very slow
A: retaliatory headbutt, horns 2, robust 1, teleportitis 1, MP-powered wands
a: Depart the Abyss, Bend Space, Banish, Renounce Religion


You were on level 11 of the Dungeon.
You worshipped Lugonu.
Lugonu was most pleased with you.
You were hungry.

You visited 2 branches of the dungeon, and saw 13 of its levels.
You visited the Abyss 1 time.
You also visited: Labyrinth.

You collected 951 gold pieces.
You spent 285 gold pieces at shops.

Inventory:

Hand Weapons
 a - a +1 falchion
 u - a +0 long sword
 w - a +0 scimitar
 U - the +1 long sword of Cataclysm {slice, rF+}
   (You found it on level 11 of the Dungeon)

   It inflicts extra damage upon your enemies.
   It protects you from fire.
 W - a +0 great sword
 Z - a +1 great sword (weapon)
Missiles
 o - 18 javelins (quivered)
Armour
 b - a +0 leather armour
 g - a +0 cloak (worn)
 j - a +0 ring mail
 p - a +0 chain mail
 B - the +3 ring mail of Orthodoxy {rF+ MR+ Stlth+}
   (You found it on level 8 of the Dungeon)

   It protects you from fire.
   It affects your resistance to hostile enchantments.
   It makes you more stealthy.
 H - a +1 pair of boots (worn)
 K - the cursed +0 helmet "Xoasiab" {rC++ Str+3, unknown}
   (You found it on level 8 of the Dungeon)

   It affects your strength (+3).
   It greatly protects you from cold.
   It has a curse placed upon it.
 M - a +0 plate armour
 V - a +0 chain mail of fire resistance
 X - a +0 troll leather armour (worn)
Magical Staves
 O - an uncursed staff of conjuration {unknown}
 P - an uncursed staff of power {unknown}
 Q - an uncursed staff of power {unknown}
Jewellery
 n - a +3 ring of strength (right hand)
 q - a +6 amulet of reflection (around neck)
 F - an uncursed ring of stealth
 R - an uncursed ring of wizardry
 S - a +3 ring of strength (left hand)
Wands
 v - a wand of lightning (4/15)
 y - a wand of enslavement (6/24)
 D - a wand of iceblast (1/15)
 L - a wand of flame (30/48)
 N - a wand of lightning (4/15)
Scrolls
 e - 3 scrolls of enchant weapon {unknown}
 f - 4 scrolls of remove curse
 h - 2 scrolls of magic mapping
 i - 2 scrolls of teleportation
 l - 2 scrolls of fear {unknown}
 s - a scroll of random uselessness {unknown}
 C - 2 scrolls of noise {unknown}
 E - a scroll of brand weapon {unknown}
 T - a scroll of fog {unknown}
Potions
 k - 3 potions of flight
 m - a potion of might
 r - a potion of curing {unknown}
 x - a potion of mutation {unknown}
 z - a potion of invisibility {unknown}
 A - a potion of ambrosia
 G - a potion of heal wounds {unknown}
 I - a potion of degeneration
 J - a potion of haste
Comestibles
 c - 6 bread rations
 d - 7 meat rations
 t - 3 royal jellies


   Skills:
 + Level 9.2 Fighting
 * Level 12.1 Long Blades
 + Level 9.1 Armour
 - Level 7.2 Dodging
 + Level 7.6 Invocations


You had 9 spell levels left.
You knew the following spells:

 Your Spells              Type           Power        Failure   Level  Hunger
a - Apportation           Tloc           #.....       36%         1    ##.....


Dungeon Overview and Level Annotations

Branches:
Dungeon (11/15)            Temple (0/1) D:5            Lair (0/6) D:11
    Orc (2/2) D:10            Elf (0/3) Orc:2

Altars:
Ashenzari
Elyvilon
Fedhas
Kikubaaqudgha
Nemelex Xobeh
Sif Muna
Wu Jian
Xom
The Shining One

Shops:
Orc:2 ?:*[(

Annotations:
D:8 2 transporters, corrupted
Orc:1 corrupted
Orc:2 corrupted
Abyss:1 Urug


Innate Abilities, Weirdness & Mutations

You reflexively headbutt those who attack you in melee.
You have a pair of horns on your head.
You are robust. (+10% HP)
You are occasionally teleported next to monsters.
You expend magic power (3 MP) to strengthen your wands.


Message History

The troll claws you!
* * * LOW HITPOINT WARNING * * *
The troll claws you but does no damage.
You turn to flesh and can move again.
Unknown command.
Unknown command.
Okay, then.
Okay, then.
Unknown command.
Space bends around you!
You blink.
The orc shouts!
Unknown command.
Unknown command.
The basilisk gazes at you.
You are slowing down.
Unknown command.
Unknown command.
As you read the scroll of teleportation, it crumbles to dust.
You feel strangely unstable. The yak gores you!
You die...

.......# .......+
.......# ##### .......#
##... .......# ##...##
#####'## ##.....## #...#
#..P....# ###'####
##.P...P.## .......##
#.oYY@....# .......+?
##..Ylo....# ....<..#.
#.o...o.....# .......#.
#.tY..o(......
.......#.##.H........##.
.......#.§T.#....P..##
.......######..P....#
##+##### ##.....## +##
##...## ..


You could see a hippogriff, 4 yaks, a troll, a basilisk, an orc warrior, a
crocodile and 4 orcs.

Vanquished Creatures
  Erolcha (D:10)
  2 orc high priests (Orc:2)
  A troll (Orc:1)
  Sigmund (D:6)
  2 wraiths (Orc:2)
  A wyvern (D:10)
  A hungry ghost (D:9)
  A warg (Orc:1)
  A two-headed ogre zombie (D:10)
  3 ice beasts
  A sky beast (D:5)
  6 orc warriors
  7 ogres
  4 phantoms
  An eye of draining (D:11)
  3 centaurs
  The ghost of Duffy the Magician, an amateur DEEE (D:3)
  6 bullfrogs
  3 killer bees (D:4)
  A howler monkey (D:5)
  2 bullfrog zombies
  4 crimson imps
  11 orc priests
  A centaur zombie (D:8)
  A jelly (D:8)
  5 hounds
  14 orc wizards
  Jessica (D:2)
  2 iguanas
  2 worker ants
  A killer bee zombie (D:6)
  6 ogre zombies (D:10)
  A howler monkey zombie (D:6)
  7 gnolls
  8 adders
  A shadow imp (D:6)
  An adder zombie (D:6)
  3 worms
  3 dart slugs
  2 leopard geckos (D:3)
  53 orcs
  7 bats
  3 giant cockroaches
  8 goblins
  2 hobgoblins
  4 jackals
  2 quokkas
  A ball python (D:3)
  A ball python skeleton (D:4)
  3 frilled lizards
  A goblin zombie (D:10)
  4 hobgoblin zombies (D:10)
  4 kobolds
  4 orc skeletons (D:10)
  16 orc zombies (D:10)
  4 rats
240 creatures vanquished.

Vanquished Creatures (collateral kills)
  An orc warrior (Orc:2)
1 creature vanquished.

Vanquished Creatures (others)
  An orc warlord (Orc:2)
  A minotaur (Lab)
  6 two-headed ogres
  An ogre mage (Orc:1)
  2 orc high priests (Orc:2)
  4 orc knights (Orc:2)
  An ugly thing (D:8)
  4 orc sorcerers
  19 orc warriors
  2 ogres (Orc:1)
  A troll zombie (D:10)
  4 killer bees (D:8)
  3 electric eels (D:8)
  A howler monkey (D:8)
  10 orc priests
  13 orc wizards (Orc:2)
  A worker ant (D:8)
  2 adder skeletons (D:8)
  13 orcs
  A fire vortex (Orc:1)
  8 plants (D:8)
  14 starspawn tentacles (Orc:1)
112 creatures vanquished.

Grand Total: 353 creatures vanquished

Notes
Turn   | Place    | Note
-------+----------+-------------------------------------------
     0 | Abyss:1  | 4thArraOfDagon the Minotaur Abyssal Knight began the quest for the Orb.
     0 | Abyss:1  | Reached XP level 1. HP: 19/19 MP: 1/1
    37 | Abyss:1  | Noticed an orange demon
    50 | D:1      | Escaped the Abyss
   167 | D:1      | Reached * piety under Lugonu
   248 | D:1      | Reached XP level 2. HP: 27/27 MP: 2/2
   297 | D:2      | Noticed Jessica
   314 | D:2      | Killed Jessica
   314 | D:2      | Reached skill level 3 in Long Blades
   314 | D:2      | Reached XP level 3. HP: 33/33 MP: 3/3
   633 | D:3      | Noticed Duffy's ghost (amateur DEEE)
   652 | D:3      | Killed Duffy's ghost
   652 | D:3      | Reached skill level 4 in Long Blades
   652 | D:3      | Reached XP level 4. HP: 40/40 MP: 3/5
   734 | D:3      | Found an ornate altar of the Wu Jian Council.
   776 | D:3      | Reached XP level 5. HP: 42/46 MP: 6/6
   790 | D:3      | Reached ** piety under Lugonu
   794 | D:3      | Found a shimmering altar of Xom.
  1032 | D:4      | Noticed a centaur
  1046 | D:4      | Killed a centaur
  1046 | D:4      | Reached XP level 6. HP: 37/53 MP: 7/7
  1103 | D:4      | Reached skill level 5 in Long Blades
  1332 | D:4      | Reached skill level 5 in Fighting
  1336 | D:4      | Reached XP level 7. HP: 39/61 MP: 8/8
  1357 | D:5      | Entered Level 5 of the Dungeon
  1457 | D:5      | Found a staircase to the Ecumenical Temple.
  1497 | D:5      | Reached skill level 6 in Long Blades
  1575 | D:5      | Reached skill level 5 in Armour
  1872 | D:5      | Reached XP level 8. HP: 48/69 MP: 10/10
  1946 | D:5      | Reached skill level 7 in Long Blades
  1977 | D:5      | Found a shattered altar of Ashenzari.
  2060 | D:6      | Noticed Sigmund
  2075 | D:6      | Killed Sigmund
  2104 | D:6      | Reached *** piety under Lugonu
  2195 | D:6      | Found a sparkling altar of Nemelex Xobeh.
  2290 | D:6      | Reached skill level 8 in Long Blades
  2299 | D:6      | Found a deep blue altar of Sif Muna.
  2341 | D:6      | Reached skill level 5 in Dodging
  2341 | D:6      | Reached skill level 5 in Invocations
  2435 | D:7      | Reached XP level 9. HP: 60/78 MP: 11/11
  2489 | D:7      | Found a blossoming altar of Fedhas.
  2489 | D:7      | Found an ancient bone altar of Kikubaaqudgha.
  2749 | D:8      | Noticed a two-headed ogre
  2763 | D:8      | Reached **** piety under Lugonu
  2765 | D:8      | Banished a two-headed ogre
  2765 | D:8      | Reached skill level 9 in Long Blades
  2859 | D:8      | Got a fine ring mail
  2870 | D:8      | Identified the +3 ring mail of Orthodoxy {rF+ MR+ Stlth+} (You found it on level 8 of the Dungeon)
  3046 | D:8      | Found a transporter.
  3074 | D:8      | Corrupted D:8
  3074 | D:8      | Noticed a sixfirhy
  3074 | D:8      | Noticed a worldbinder
  3074 | D:8      | Noticed a large abomination
  3075 | D:8      | Noticed a flayed ghost
  3075 | D:8      | Noticed a hellwing
  3076 | D:8      | Noticed a spatial maelstrom
  3076 | D:8      | Noticed a thrashing horror
  3081 | D:8      | Noticed a large abomination
  3092 | D:8      | Killed a green ugly thing
  3155 | D:8      | Found a white marble altar of Elyvilon.
  3205 | D:8      | Got an ichor-stained helmet
  3211 | D:8      | Found a transporter.
  3245 | D:8      | Gained mutation: You expend magic power (3 MP) to strengthen your wands. [mutagenic meat]
  3246 | D:8      | Gained mutation: You are robust. (+10% HP) [mutagenic meat]
  3322 | D:10     | Entered Level 10 of the Dungeon
  3342 | D:10     | Found a staircase to the Orcish Mines.
  3627 | D:10     | Reached skill level 10 in Long Blades
  3670 | Orc:1    | Entered Level 1 of the Orcish Mines
  3670 | Orc:1    | Noticed an ogre mage
  3670 | Orc:1    | Noticed a two-headed ogre
  3670 | Orc:1    | Noticed a two-headed ogre
  3670 | Orc:1    | Noticed a two-headed ogre
  3670 | Orc:1    | Noticed a two-headed ogre
  3671 | Orc:1    | Corrupted Orc:1
  3671 | Orc:1    | Noticed a smoke demon
  3671 | Orc:1    | Noticed an apocalypse crab
  3671 | Orc:1    | Noticed a large abomination
  3671 | Orc:1    | Noticed a worldbinder
  3671 | Orc:1    | Noticed a tentacled starspawn
  3671 | Orc:1    | Noticed a tentacled starspawn
  3671 | Orc:1    | Noticed a yellow draconian shifter
  3671 | Orc:1    | Noticed a tentacled starspawn
  3672 | Orc:1    | Noticed a rakshasa
  3674 | Orc:1    | Killed a two-headed ogre
  3676 | Orc:1    | Noticed an orc sorcerer
  3676 | Orc:1    | Killed a two-headed ogre
  3677 | Orc:1    | Noticed a deep elf mage
  3679 | Orc:1    | Killed a two-headed ogre
  3679 | Orc:1    | Killed a two-headed ogre
  3681 | Orc:1    | Noticed a deep elf mage
  3681 | Orc:1    | Killed an ogre mage
  3682 | Orc:1    | Noticed an ice devil
  3683 | Orc:1    | Noticed a deep elf mage
  3684 | Orc:1    | Noticed a deep elf mage
  3684 | Orc:1    | Noticed a deep elf mage
  3685 | Orc:1    | Noticed a deep elf archer
  3685 | Orc:1    | Killed an orc sorcerer
  3690 | Orc:1    | Noticed a glowing orange brain
  3691 | Orc:1    | Noticed a starcursed mass
  3697 | Orc:1    | Noticed a starcursed mass
  3763 | Orc:1    | Killed a two-headed ogre
  3969 | Orc:2    | Entered Level 2 of the Orcish Mines
  3973 | Orc:2    | Found a labyrinth entrance.
  4030 | Orc:2    | Found Leamm's Magic Scroll Shop.
  4049 | Orc:2    | Bought a scroll of identify for 32 gold pieces
  4049 | Orc:2    | Bought a scroll of magic mapping for 56 gold pieces
  4049 | Orc:2    | Bought a scroll of teleportation for 48 gold pieces
  4054 | Lab      | Entered a labyrinth
  4238 | Lab      | Noticed a minotaur
  4241 | Lab      | Banished a minotaur
  4241 | Lab      | Reached XP level 10. HP: 96/96 MP: 13/13
  4356 | Orc:2    | Noticed an orc knight
  4917 | Orc:2    | Banished an orc knight
  4992 | Orc:2    | Found a staircase to the Elven Halls.
  5051 | Orc:2    | Noticed an orc high priest
  5051 | Orc:2    | Corrupted Orc:2
  5051 | Orc:2    | Noticed a large abomination
  5051 | Orc:2    | Noticed a bone dragon
  5051 | Orc:2    | Noticed an apocalypse crab
  5052 | Orc:2    | Noticed an orc sorcerer
  5053 | Orc:2    | Gained mutation: You are occasionally teleported next to monsters. [a neqoxec]
  5058 | Orc:2    | Killed an orc sorcerer
  5062 | Orc:2    | Killed an orc high priest
  5068 | Orc:2    | Killed an orc knight
  5069 | Orc:2    | Killed an orc high priest
  5076 | Orc:2    | Noticed a thrashing horror
  5076 | Orc:2    | Killed an orc knight
  5078 | Orc:2    | Killed an orc sorcerer
  5087 | Orc:2    | Killed an orc warlord
  5088 | Orc:2    | Noticed an orc sorcerer
  5092 | Orc:2    | Killed an orc knight
  5098 | Orc:2    | Noticed an orange demon
  5112 | Orc:2    | Noticed a bone dragon
  5113 | Orc:2    | Killed an orc sorcerer
  5151 | Orc:2    | Found Rarchum's Antique Armour Shoppe.
  5151 | Orc:2    | Found Nujiump's General Store.
  5151 | Orc:2    | Found Usifrahu's Antique Weapon Shoppe.
  5151 | Orc:2    | Found Wiez's Book Emporium.
  5153 | Orc:2    | Noticed an orc high priest
  5173 | Orc:2    | Noticed a sixfirhy
  5173 | Orc:2    | Noticed a sixfirhy
  5175 | Orc:2    | Killed an orc high priest
  5175 | Orc:2    | Reached skill level 11 in Long Blades
  5186 | Orc:2    | Noticed an orc high priest
  5191 | Orc:2    | Killed an orc high priest
  5217 | Orc:2    | Bought a great sword for 149 gold pieces
  5595 | D:9      | Learned a level 1 spell: Apportation
  5627 | D:10     | Noticed Erolcha
  5637 | D:10     | Killed Erolcha
  5637 | D:10     | Reached skill level 12 in Long Blades
  5637 | D:10     | Reached XP level 11. HP: 89/106 MP: 15/15
  5645 | D:10     | Noticed Urug
  5656 | D:10     | Banished Urug
  5728 | D:10     | Found a glowing golden altar of the Shining One.
  5854 | D:11     | Got a fine long sword
  5855 | D:11     | Identified the +1 long sword of Cataclysm {slice, rF+} (You found it on level 11 of the Dungeon)
  5981 | D:11     | Found a staircase to the Lair.
  5993 | D:11     | HP: 4/106 [troll (4)]
  5996 | D:11     | Slain by a yak

Vault maps used:
D:1:      elethiomel_arrival_maze, minivault_24
D:2:      uniq_jessica, uniq_robin, uniq_natasha
D:3:      lemuel_crystal_altar, tgw_xom
D:4:      uniq_grinder
D:5:      evilmike_ruin_ashenzari, minmay_temple_entry_statues, first_bread
D:6:      overflow_temple_1_default, nicolae_ru_the_path_less_chosen,
          nicolae_overflow_crystal_walls, tgw_fedhas, uniq_sigmund
D:7:      grunt_temple_overflow_growth_and_decay, lemuel_coloured_pillars_altar,
          grunt_temple_overflow_bloody_war
D:8:      gammafunk_steamed_eel, nicolae_overflow_hidden_temple, grunt_livestock
D:9:      kb_lookout_dungeons_type
D:10:     zombieorc2_lemuel, tso_altar, uniq_erolcha, uniq_urug
D:11:     david_lair_generic
Orc:2:    st_orc_congregation, serial_shops, shop, lab_entry_generic,
          uniq_josephine

Skill      XL: |  1  2  3  4  5  6  7  8  9 10 11 |
---------------+----------------------------------+-----
Long Blades    | 3 4 5 6 8 10 12 | 12.1
Invocations    | 2 3 4 5 6 7 |  7.6
Armour         | 3 4 5 6 7 8 9 |  9.1
Fighting       | 4 5 6 7 9 |  9.2
Dodging        | 2 3 4 5 6 7 |  7.2

Action                   |  1- 3 |  4- 6 |  7- 9 | 10-12 || total
-------------------------+-------+-------+-------+-------++-------
Melee: Falchion          |    71 |    92 |   493 |   136 ||   792
       Headbutt          |     3 |    14 |    82 |    42 ||   141
       Great sword       |       |       |       |    81 ||    81
Throw: Javelin           |       |     1 |     1 |       ||     2
Invok: Depart the Abyss  |     1 |       |       |       ||     1
       Banish            |       |       |     2 |     7 ||     9
       Corrupt           |       |       |     2 |     1 ||     3
       Bend Space        |       |       |       |     1 ||     1
Evoke: Wand              |       |       |     1 |     8 ||     9
       Phantom mirror    |       |       |       |     1 ||     1
  Use: Scroll            |     2 |       |     4 |     5 ||    11
       Potion            |     1 |     4 |     3 |     1 ||     9
 Stab: Sleeping          |       |       |     1 |       ||     1
  Eat: Chunk             |       |     1 |    10 |     8 ||    19
       Fruit             |       |       |     5 |       ||     5
       Royal jelly       |       |       |       |     1 ||     1
Armor: Leather armour    |     3 |       |       |       ||     3
       Ring mail         |     6 |       |    32 |     9 ||    47
       Chain mail        |    19 |    37 |    80 |       ||   136
       Skin              |     7 |       |    77 |       ||    84
       Plate armour      |       |       |       |    35 ||    35
       Troll leather arm |       |       |       |    37 ||    37
Dodge: Dodged            |    29 |    28 |   134 |   101 ||   292
Block: Other             |    11 |    35 |   115 |    46 ||   207
       Reflection        |       |       |     1 |     4 ||     5
       Rpst.: Falchion   |     6 |     9 |    43 |    12 ||    70
       Great sword       |       |       |       |    13 ||    13
